 Dungeon Crawl Stone Soup version 0.19.1-1-g22dce08 (webtiles) character file.

216 theAP the Ruffian (level 5, 0/43 HPs)
             Began as a Demonspawn Fighter on Jan 17, 2017.
             Killed by divine providence
             ... invoked by an orc priest
              (16 damage)
             ... on level 4 of the Dungeon.
             The game lasted 00:06:58 (2051 turns).

theAP the Ruffian (Demonspawn Fighter)              Turns: 2051, Time: 00:06:59

Health: 0/43       AC:  7    Str: 18    XL:     5   Next: 61%
Magic:  5/5        EV:  7    Int:  9    God:
Gold:   128        SH: 15    Dex: 15    Spells: 0 memorised, 4 levels left

rFire  . . .     SeeInvis .       - Unarmed
rCold  . . .     Gourm    .     a - +0 scale mail
rNeg   . . .     Faith    .     b - +0 shield
rPois  .         Spirit   .     (no helmet)
rElec  .         Reflect  .     (no cloak)
rCorr  .         Harm     .     n - +0 pair of gloves
MR     .....                    (no boots)
Stlth  ..........               (no amulet)
                                e - +3 ring of dexterity
                                u - ring of flight

@: no status effects
A: large bone plates 2, powered by death 1
a: Evoke Flight


You were on level 4 of the Dungeon.
You were not hungry.

You visited 1 branch of the dungeon, and saw 4 of its levels.

You collected 128 gold pieces.

Inventory:

Armour
 a - a +0 scale mail (worn)
 b - a +0 shield (worn)
 n - a +0 pair of gloves (worn)
Jewellery
 e - a +3 ring of dexterity (right hand)
 k - a +4 ring of intelligence
 l - an uncursed ring of wizardry
 u - a ring of flight (left hand)
 w - an uncursed ring of flight
Scrolls
 c - a scroll of teleportation
 f - 3 scrolls of recharging
 h - 3 scrolls of fog
 j - 2 scrolls of noise
Potions
 i - 2 potions of curing
 m - 2 potions of cure mutation
 p - a potion of ambrosia
 q - a potion of mutation {unknown}
 v - a potion of cancellation {unknown}
Comestibles
 d - 2 bread rations
 g - 4 meat rations
 o - 4 chunks of flesh
 r - a beef jerky
 s - 2 royal jellies
 t - a slice of pizza
 x - a fruit


   Skills:
 + Level 4.3 Fighting
 - Level 2.6 Armour
 - Level 2.6 Shields
 * Level 4.5 Unarmed Combat


You had 4 spell levels left.
You didn't know any spells.

Dungeon Overview and Level Annotations

Branches:
Dungeon (4/15)
 Temple: D:4-7

Altars:


Innate Abilities, Weirdness & Mutations

You are mostly covered in large bone plates. (SH +6)
You regenerate a little health from kills.


Message History

An orc priest comes into view. It is wielding a flail.
The orc priest shouts!
The orc priest mumbles some strange prayers to Beogh against you.
Beogh smites you!
Found 14 gold pieces.
You see here a potion of might.
An orc comes into view.
The orc shouts!
Found a beef jerky.
An orc priest comes into view. It is wielding a hand axe.
An orc wizard comes into view. It is wielding a dagger.
The orc priest shouts!
The orc wizard shouts!
The orc priest calls down the wrath of Beogh upon you.
Beogh smites you!
The orc wizard gestures wildly while chanting.
The orc wizard seems to speed up.
Found a pair of boots.
Found a stone staircase leading down.
The orc priest mumbles some strange prayers to Beogh against you.
Beogh smites you!
You die...

#..?.# #..#.##### ####
#.......#####...
#########..........(...
##.$...#<...........##.#
#[...$.........##......#
........................
.....o..........###.....
..oo.o.@..!.....#.....##
..................###..#
.>............^..## ##.#
............(...## #..
#...........[..## ##.
##.....##.....## #..
###### ......# #....
###.#.. ..... #. #..


You could see 2 orc priests, an orc wizard and an orc.

Vanquished Creatures
  An orc wizard (D:3)
  An orc priest (D:3)
  Jessica (D:2)
  A worker ant (D:4)
  4 adders
  A dart slug (D:1)
  3 leopard geckos
  12 orcs
  4 bats
  2 giant cockroaches (D:3)
  6 goblins
  4 hobgoblins
  10 kobolds
  6 frilled lizards
  A jackal skeleton (D:4)
  5 rats
62 creatures vanquished.

Notes
Turn   | Place    | Note
-------+----------+-------------------------------------------
     0 | D:1      | theAP the Demonspawn Fighter began the quest for the Orb.
     0 | D:1      | Reached XP level 1. HP: 18/18 MP: 1/1
   227 | D:1      | Gained mutation: You regenerate a little health from kills. [demonic ancestry]
   227 | D:1      | Reached XP level 2. HP: 23/24 MP: 2/2
   915 | D:2      | Reached XP level 3. HP: 17/29 MP: 3/3
   962 | D:2      | Noticed Jessica
   981 | D:2      | Killed Jessica
  1282 | D:2      | Gained mutation: You are partially covered in large bone plates. (SH +4) [demonic ancestry]
  1282 | D:2      | Reached XP level 4. HP: 33/36 MP: 4/4
  1623 | D:3      | Gained mutation: You are mostly covered in large bone plates. (SH +6) [demonic ancestry]
  1623 | D:3      | Reached XP level 5. HP: 36/42 MP: 5/5
  2051 | D:4      | Killed from afar by an orc priest

Skill      XL: |  1  2  3  4  5 |
---------------+----------------+-----
Unarmed Combat | 2 3 4 |  4.5
Fighting       | 4 |  4.3
Armour         | |  2.6
Shields        | |  2.6

Action                   |  1- 3 |  4- 6 || total
-------------------------+-------+-------++-------
Melee: Unarmed           |   120 |   157 ||   277
  Use: Scroll            |     6 |     6 ||    12
       Potion            |       |     3 ||     3
  Eat: Chunk             |     1 |     3 ||     4
Armor: Scale mail        |    46 |    72 ||   118
Dodge: Dodged            |    32 |    24 ||    56
Block: Shield            |    60 |   137 ||   197
